 Dungeon Crawl Stone Soup version 0.31-a0-1469-gd420192249 (webtiles) character file.

Game seed: 7735966964758486230

2 BigPumpCobain the Ruffian (level 1, 22/22 HPs)
             Began as a Troll Berserker on Dec 28, 2023.
             Was a Follower of Trog.
             Quit the game on level 1 of the Dungeon.
             The game lasted 00:00:16 (72 turns).

BigPumpCobain the Ruffian (Troll Berserker)           Turns: 72, Time: 00:00:17

Health: 22/22      AC:  4    Str: 24    XL:     1   Next: 33%
Magic:  0/0        EV: 10    Int:  3    God:    Trog [*.....]
Gold:   0          SH:  0    Dex:  9    Spells: 0/0 levels left

rFire   . .          .
                       - Unarmed
rCold   . . .        (no shield)
rNeg    . . .        a - +0 animal skin
rPois   .            (helmet restricted)
rElec   .            (no cloak)
rCorr   .            (gloves unavailable)
SInv    .            (boots unavailable)
Will    .....        (no amulet)
Stlth   +            (no ring)
HPRegen 1.03/turn    (no ring)
MPRegen 0.07/turn

%: no passive effects
@: no status effects
A: large, unfitting armour, claws 3, regeneration 1, shaggy fur 1, tough skin 1
a: Renounce Religion, Berserk


You were on level 1 of the Dungeon.
You worshipped Trog.
Trog was aware of your devotion.
You visited 1 branch of the dungeon, and saw 1 of its levels.

Inventory:

Armour
 a - a +0 animal skin (worn)
Scrolls
 b - a scroll of fear {unknown}


   Skills:
 + Level 2.4 Fighting
 - Level 2.4 Dodging
 * Level 3.1 Unarmed Combat
 + Level 0.1 Shapeshifting


You couldn't memorise any spells.
You didn't know any spells.
Your spell library was empty.

Dungeon Overview and Level Annotations

Branches:
Dungeon (1/15)

Altars:


Innate Abilities, Weirdness & Mutations

You are too large for most types of armour.
You have claws for hands.
Your natural rate of healing is unusually fast.
You are covered in fur. (AC +1)
You have tough skin. (AC +1)


Message History

Welcome, BigPumpCobain the Troll Berserker.
Everyone else who sought the Orb of Zot has failed.
Will you be different?
Trog says: Kill them all!
Press ? for a list of commands and other information.
Found a book of Air.
Found a staircase leading out of the dungeon.
Found a ring mail.
Found 5 stones.
Found 6 stones.
Found a scroll labelled WINTEB IVIYFF.
You see here a +1 cloak.
b - a scroll labelled WINTEB IVIYFF You open the door.
There is an open door here.
A quokka comes into view.
A quokka is nearby!
A quokka is nearby!
You scratch the quokka.
You kill the quokka!
Trog accepts your kill.
A giant cockroach comes into view.
A giant cockroach is nearby!
The giant cockroach barely misses you.
You barely miss the giant cockroach.
The giant cockroach bites you but does no damage.
You claw the giant cockroach!
You kill the giant cockroach!
Trog accepts your kill.
No target in view!
No target in view!
No target in view!
No target in view!
A jackal and a hobgoblin come into view.
The jackal barks!
The hobgoblin shouts!
The jackal moves out of view.
A jackal comes into view.
Are you sure you want to abandon this character and quit the game? (Confirm with "yes".)

............#######.
#####...### #.
###.### #. ##...# #.
#..### #. #.## #.
#.# #. ##.# #. #@.#
#.## ..g. ###..h
#.... #....# #....#
.....#


You could see a jackal (wandering) and a hobgoblin.

Vanquished Creatures
  A giant cockroach (D:1)
  A quokka (D:1)
2 creatures vanquished.

Notes
Turn   | Place    | Note
-------+----------+-------------------------------------------
     0 | D:1      | BigPumpCobain the Troll Berserker began the quest for the
                  | Orb.
     0 | D:1      | Reached XP level 1. HP: 22/22 MP: 0/0
    72 | D:1      | Quit the game

Illustrated notes

Levels and vault maps discovered:
D:1:      dpeg_arrival_stone_temple_mockup, layout_basic, st_stairs_6,
          item_on_display_a

Action                     || total
---------------------------++-------
  Melee: Unarmed           ||     3
 Armour: Animal skin       ||     1
  Dodge: Dodged            ||     1

Table legend: (Time is in decaauts)
 A = Elapsed time spent in this place.
 B = Non-inter-level travel time spent in this place.
 C = Inter-level travel time spent in this place.
 D = Time resting spent in this place.
 E = Time spent auto-exploring this place.
 F = Levels seen in this place.
 G = Mean time per level.
                   A        B        C        D        E       F      G
               +--------+--------+--------+--------+--------+-----+--------+
         Total |     71 |     71 |      0 |      0 |     60 |   1 |   71.0 |
       Dungeon |     71 |     71 |      0 |      0 |     60 |   1 |   71.0 |
               +--------+--------+--------+--------+--------+-----+--------+

Top non-repeatable levels by time:
     D:1: 71 daAuts
